 Dungeon Crawl Stone Soup version 0.29-a0-555-g3b24f45cc1 (webtiles) character file.

Game seed: 13091517898642406513

2107 frimble the Basher (level 9, -1/72 HPs)
             Began as a Meteoran Cinder Acolyte on June 7, 2022.
             Was a High Priest of Ignis.
             Slain by Joseph
             ... wielding a +0 antimagic quarterstaff
              (7 damage)
             ... on level 7 of the Dungeon.
             The game lasted 00:09:18 (2910 turns).

frimble the Basher (Meteoran Cinder Acolyte)        Turns: 2910, Time: 00:09:19

Health: -1/72      AC: 14    Str: 17    XL:     9   Next: 82%
Magic:  11/29      EV: 11    Int: 19    God:    Ignis [*****.]
Gold:   281        SH:  0    Dex: 10    Spells: 19/21 levels left

rFire   + . .      SeeInvis .   z - +2 whip (freeze)
rCold   . . .      Faith    .   (no shield)
rNeg    . . .      Spirit   .   m - +3 robe "Vofirank" {MP+9 Stlth+}
rPois   .          Reflect  .   s - +0 helmet
rElec   .          Harm     .   (no cloak)
rCorr   .          Rampage  .   c - +0 pair of gloves
Will    +....                   (no boots)
Stlth   +.........              (no amulet)
HPRegen 0.22/turn               (no ring)
MPRegen 0.21/turn               (no ring)

@: fiery-armoured, glowing
A: sense surroundings 2, otherworldly, glowing, explore regen
a: Renounce Religion, Fiery Armour, Foxfire Swarm, Rising Flame


You were on level 7 of the Dungeon.
You worshipped Ignis.
Ignis was extremely pleased with you.
You visited 2 branches of the dungeon, and saw 8 of its levels.

You collected 281 gold pieces.

Inventory:

Hand Weapons
 a - a +0 mace of flaming
 y - a +4 long sword
 z - a +2 whip of freezing (weapon)
Missiles
 i - 15 poisoned darts (quivered)
 t - 5 boomerangs
Armour
 b - a +0 buckler
 c - a +0 pair of gloves (worn)
 m - the +3 robe "Vofirank" (worn) {MP+9 Stlth+}
   (You found it on level 5 of the Dungeon)

   MP:        It affects your magic capacity (+9).
   Stlth:     It makes you more stealthy.
 s - a +0 helmet (worn)
Wands
 j - a wand of flame (33)
Scrolls
 f - 5 scrolls of teleportation
 h - a scroll of fog
 l - a scroll of enchant armour
 r - a scroll of magic mapping
 u - a scroll of enchant weapon
 w - 3 scrolls of identify
 x - 2 scrolls of poison
Potions
 d - a potion of curing
 e - 2 potions of might
 g - 2 potions of ambrosia {unknown}
 k - a potion of heal wounds
 n - a potion of haste {unknown}
 o - a potion of brilliance {unknown}
 p - 2 potions of lignification {unknown}
 q - a potion of cancellation {unknown}
 v - a potion of berserk rage {unknown}
 A - 2 potions of degeneration {unknown}


   Skills:
 - Level 4.6 Fighting
 + Level 8.2 Maces & Flails
 - Level 3.0 Throwing
 + Level 4.0 Shields
 + Level 6.7 Spellcasting
 + Level 7.6 Fire Magic
 + Level 5.3 Evocations


You had 19 spell levels left.
You knew the following spells:

 Your Spells              Type           Power      Damage    Failure   Level
a - Scorch                Fire           70%        2d8       1%          2

Your spell library contained the following spells:

 Spells                   Type           Power      Damage    Failure   Level
 Freeze                   Ice            24%        1d5       11%         1
 Slow                     Hex            24%        N/A       11%         1
 Confusing Touch          Hex            6%         N/A       30%         3
 Frozen Ramparts          Ice            12%        1d3       30%         3
 Vampiric Draining        Necr           6%         2d6       30%         3
 Hailstorm                Conj/Ice       6%         3d4       71%         4


Dungeon Overview and Level Annotations

Branches:
Dungeon (7/15)             Temple (1/1) D:5

Altars:
Ashenzari
Cheibriados
Dithmenos
Elyvilon
Fedhas
Gozag
Hepliaklqana
Kikubaaqudgha
Makhleb
Nemelex Xobeh
Okawaru
Qazlal
Ru
Sif Muna
Trog
Uskayaw
Vehumet
Wu Jian
Zin
The Shining One

Shops:
D:3 *

Annotations:
D:7 Joseph


Innate Abilities, Weirdness & Mutations

You passively map the area around you.
You are easily found by Zot.
You glow in the dark.
You regain HP and MP as you explore.


Message History

Joseph hits you with a +0 antimagic quarterstaff!
You feel your power leaking away.
Joseph is burned by your cloak of flames.
Joseph is lightly wounded.
You whack Joseph! You freeze Joseph.
Joseph is moderately wounded.
You hit Joseph. You freeze Joseph.
Joseph is moderately wounded.
Joseph hits you with a +0 antimagic quarterstaff!
You feel your power leaking away.
You hit Joseph. You freeze Joseph.
Joseph is moderately wounded.
Joseph hits you with a +0 antimagic quarterstaff!
* * * LOW HITPOINT WARNING * * *
You feel your power leaking away.
Joseph is burned by your cloak of flames.
Joseph is heavily wounded.
You completely miss Joseph.
Joseph is heavily wounded.
You hit Joseph but do no damage.
Joseph is heavily wounded.
Joseph hits you with a +0 antimagic quarterstaff.
* * * LOW HITPOINT WARNING * * *
You feel your power leaking away.
Joseph is burned by your cloak of flames.
Joseph is heavily wounded.
Casting: Scorch (safe; 1% risk of failure)
Confirm with . or Enter, or press ? or * to list all spells.
Flames lash Joseph.
Joseph is heavily wounded.
Joseph's fire resistance burns away.
Joseph hits you with a +0 antimagic quarterstaff.
* * * LOW HITPOINT WARNING * * *
You feel your power leaking away.
Joseph is burned by your cloak of flames.
Joseph is heavily wounded.
You hit Joseph but do no damage.
Joseph is heavily wounded.
Joseph hits you with a +0 antimagic quarterstaff!
You die...

,* , *** .=.######
* ........# * *
.@.####.# *, #.#
** * #.# #.# * ##
**,* #@# * * #..
#@# , #.#.# * #.#
#.#.# #.# * #.#.#
#.# #.#.# #<#
.###.#.#########.#
........)))......#
.......###########
#####.##


You could see Joseph (combustible).

Vanquished Creatures
  Pikel (D:6)
  Grinder (D:5)
  A black bear (D:6)
  An orc warrior (D:7)
  A centaur (D:7)
  2 ogres
  A phantom (D:5)
  2 kobold brigands
  A scorpion (D:6)
  3 wights (D:6)
  A killer bee (D:6)
  4 hounds
  An orc priest (D:4)
  2 jellies
  5 iguanas (D:5)
  An orc wizard (D:4)
  10 gnolls
  5 adders
  A dart slug (D:2)
  25 orcs
  4 ball pythons
  4 endoplasms
  2 giant cockroaches (D:2)
  2 goblins
  3 hobgoblins
  10 kobolds
  2 quokkas (D:5)
  A bat (D:3)
  2 frilled lizards
  4 rats
103 creatures vanquished.

Notes
Turn   | Place    | Note
-------+----------+-------------------------------------------
     0 | D:1      | frimble the Meteoran Cinder Acolyte began the quest for the
                  | Orb.
     0 | D:1      | Reached XP level 1. HP: 19/19 MP: 3/3
   299 | D:1      | Reached XP level 2. HP: 26/26 MP: 5/5
   379 | D:1      | Learned a level 2 spell: Scorch
   425 | D:2      | Noticed a hound
   430 | D:2      | Killed a hound
   431 | D:2      | Reached XP level 3. HP: 33/33 MP: 1/7
   561 | D:2      | Reached XP level 4. HP: 40/40 MP: 8/8
   718 | D:3      | Found Caeh Fio's General Store.
   744 | D:3      | Noticed an ogre
   748 | D:3      | Killed an ogre
   749 | D:3      | Reached skill level 5 in Maces & Flails
   749 | D:3      | Reached XP level 5. HP: 17/46 MP: 4/10
   905 | D:2      | Found a faded altar of an unknown god.
  1018 | D:4      | Reached XP level 6. HP: 48/53 MP: 7/12
  1034 | D:4      | Reached skill level 5 in Fire Magic
  1095 | D:5      | Entered Level 5 of the Dungeon
  1128 | D:5      | Reached XP level 7. HP: 55/60 MP: 5/13
  1129 | D:5      | Reached skill level 1 in Evocations
  1174 | D:5      | Identified the +3 robe "Vofirank" {MP+9 Stlth+}
  1318 | D:4      | Reached skill level 1 in Throwing
  1346 | D:4      | Reached skill level 6 in Maces & Flails
  1495 | D:5      | Found a staircase to the Ecumenical Temple.
  1505 | Temple   | Entered the Ecumenical Temple
  1671 | D:5      | Reached XP level 8. HP: 50/67 MP: 15/15
  1694 | D:5      | Noticed Grinder
  1705 | D:5      | Paralysed by Grinder for 3 turns
  1712 | D:5      | Killed Grinder
  1713 | D:5      | Reached skill level 5 in Spellcasting
  1785 | D:6      | Reached skill level 7 in Maces & Flails
  1910 | D:6      | Reached skill level 1 in Shields
  2138 | D:6      | Noticed Pikel
  2159 | D:6      | Killed Pikel
  2160 | D:6      | Gained mutation: You passively map the area around you.
                  | [Meteoran growth]
  2160 | D:6      | Reached XP level 9. HP: 58/72 MP: 17/19
  2314 | D:6      | Reached skill level 8 in Maces & Flails
  2314 | D:6      | Reached skill level 5 in Evocations
  2479 | D:7      | Found a hide-covered altar of Uskayaw.
  2606 | D:7      | Noticed Joseph
  2910 | D:7      | Slain by Joseph

Illustrated notes

Levels and vault maps discovered:
D:1:      denvon_arrival_planthouse, layout_basic, minmay_misc_feat_roman
D:2:      layout_loops_corners, hellmonk_ecumenical_altar_heavens_door
D:3:      layout_basic, serial_shops, shop, minmay_pentangle
D:4:      layout_basic, chequers_serial_rivers_micro_e
D:5:      layout_loops_cross, minmay_temple_entry_antechambers, uniq_grinder
D:6:      layout_gridville, uniq_pikel
D:7:      layout_loops_ring, nicolae_uskayaw_murder_on_the_dancefloor,
          gammafunk_ghost_grave, serial_shops, shop, uniq_joseph
Temple:   mainiacjoe_temple_bowtie_tessellation

Skill      XL: |  1  2  3  4  5  6  7  8  9 |
---------------+----------------------------+-----
Spellcasting   | 2 3 4 6 |  6.7
Fire Magic     | 4 5 7 |  7.6
Fighting       | 4 |  4.6
Maces & Flails | 5 6 7 8 |  8.2
Evocations     | 2 4 5 |  5.3
Throwing       | 2 3 |  3.0
Shields        | 2 4 |  4.0

Action                   |  1- 3 |  4- 6 |  7- 9 || total
-------------------------+-------+-------+-------++-------
Melee: Mace              |    19 |    64 |    94 ||   177
       Punch             |       |     2 |     3 ||     5
       Whip              |       |       |    19 ||    19
Throw: Dart              |       |       |     7 ||     7
 Cast: Scorch            |     2 |    19 |    92 ||   113
Invok: Fiery Armour      |       |     1 |     1 ||     2
Evoke: Wand              |       |     2 |     3 ||     5
  Use: Scroll            |     4 |     3 |     3 ||    10
       Potion            |       |       |     1 ||     1
Armor: Robe              |     4 |    37 |    51 ||    92
Dodge: Dodged            |    10 |    36 |    72 ||   118

Table legend: (Time is in decaauts)
 A = Elapsed time spent in this place.
 B = Non-inter-level travel time spent in this place.
 C = Inter-level travel time spent in this place.
 D = Time resting spent in this place.
 E = Time spent auto-exploring this place.
 F = Levels seen in this place.
 G = Mean time per level.
                   A        B        C        D        E       F      G
               +--------+--------+--------+--------+--------+-----+--------+
         Total |   2921 |   2666 |    255 |    276 |   1565 |   8 |  365.1 |
       Dungeon |   2777 |   2547 |    230 |    276 |   1460 |   7 |  396.7 |
        Temple |    143 |    118 |     25 |      0 |    105 |   1 |  143.0 |
               +--------+--------+--------+--------+--------+-----+--------+

Top non-repeatable levels by time:
     D:6: 863 daAuts
     D:1: 397 daAuts
     D:5: 375 daAuts
     D:4: 314 daAuts
     D:3: 288 daAuts
     D:2: 286 daAuts
     D:7: 252 daAuts
  Temple: 143 daAuts
